 Dungeon Crawl Stone Soup version 0.19-a0-1823-g21c7ecd (webtiles) character file.

420 Promi the Slasher (level 7, -1/81 HPs)
             Began as a Human Berserker on Oct 7, 2016.
             Was a Believer of Trog.
             Succumbed to a big kobold's poison
             ... in a sewer.
             The game lasted 00:10:23 (2193 turns).

Promi the Slasher (Human Berserker)                 Turns: 2193, Time: 00:10:24

Health: -1/81      AC: 11    Str: 21 (24) XL:     7   Next: 16%
Magic:  7/7        EV:  9    Int:  6 (8)  God:    Trog [**....]
Gold:   146        SH:  0    Dex: 11 (12) Spells: 0 memorised, 6 levels left

rFire  . . .     SeeInvis .     a - +0 falchion
rCold  . . .     Gourm    .     q - +0 chain mail
rNeg   . . .     Faith    .     (no shield)
rPois  .         Spirit   .     (no helmet)
rElec  .         Dismiss  .     (no cloak)
rCorr  .         Reflect  .     e - +0 pair of gloves
MR     .....     Harm     .     i - +0 pair of boots
Stlth  ..........               (no amulet)
                                (no ring)
                                (no ring)

@: berserking, lethally poisoned (-1 -> -46), very quick
A: no striking features
a: Berserk, Trog's Hand, Burn Spellbooks, Renounce Religion


You were in a sewer.
You worshipped Trog.
Trog was pleased with you.
You were not hungry.

You visited 1 branch of the dungeon, and saw 3 of its levels.
You also visited: Sewer.

You collected 146 gold pieces.

Inventory:

Hand Weapons
 a - a +0 falchion (weapon)
Armour
 b - a +0 animal skin
 e - a +0 pair of gloves (worn)
 h - a +0 scale mail
 i - a +0 pair of boots (worn)
 q - a +0 chain mail (worn)
Wands
 o - a wand of slowing (11/48)
Scrolls
 d - 3 scrolls of remove curse {unknown}
 f - 5 scrolls of identify {unknown}
 l - a scroll of random uselessness {unknown}
 s - a scroll of recharging {unknown}
Potions
 k - a potion of haste {unknown}
 m - a potion of might {unknown}
 n - a potion of berserk rage {unknown}
 u - 3 potions of curing {unknown}
 v - a potion of heal wounds {unknown}
Comestibles
 c - 2 bread rations
 g - 9 fruits
 p - 2 chunks of flesh
 r - a royal jelly
 t - a beef jerky


   Skills:
 + Level 4.2 Fighting
 + Level 5.6 Long Blades
 + Level 3.5 Armour
 + Level 3.0 Dodging


You had 6 spell levels left.
You didn't know any spells.

Dungeon Overview and Level Annotations

Branches:
Dungeon (3/15)

Altars:
Makhleb


Message History

* * * LOW HITPOINT WARNING * * *
You feel very sick.
The big kobold hits you with a dagger of venom.
* * * LOW HITPOINT WARNING * * *
You are more poisoned.
You slash the big kobold!
You feel the power of Trog in you as your rage grows.
You kill the big kobold!
Trog accepts your kill.
You have reached level 7!
* * * LOW HITPOINT WARNING * * *
You feel very sick.
You are too berserk!
* * * LOW HITPOINT WARNING * * *
You feel very sick.
You see here a kobold corpse.
You feel a strong urge to attack something.
* * * LOW HITPOINT WARNING * * *
You feel very sick.
You die...

#......≈≈≈≈≈≈≈...
#....≈≈≈≈≈≈≈≈≈≈..
#...≈≈≈≈≈≈≈≈≈≈≈..
#.(..≈≈≈≈≈≈≈≈≈≈..
###(###≈≈≈≈≈≈###'#
#.))).#≈≈≈≈≈≈#..).
#..†..# ≈≈≈≈ #....
##...## ≈≈ ##...
#@...!# #....
#!!#!!# #..#.
####### #####
≈≈≈≈≈≈≈≈ ≈≈≈≈≈≈
≈≈≈≈≈≈≈≈≈≈ ≈≈≈≈≈≈≈≈
####################


There were no monsters in sight!

Vanquished Creatures
  Sigmund (D:2)
  A big kobold (Sewer)
  4 gnolls (D:2)
  3 adders
  7 river rats (Sewer)
  An ooze (Sewer)
  A dart slug (D:1)
  An orc (D:3)
  5 ball pythons
  4 giant cockroaches
  7 goblins
  3 hobgoblins
  3 jackals (D:1)
  A quokka (D:2)
  3 bats (D:2)
  2 frilled lizards
  14 kobolds
  22 rats
83 creatures vanquished.

Notes
Turn   | Place    | Note
-------+----------+-------------------------------------------
     0 | D:1      | Promi the Human Berserker began the quest for the Orb.
     0 | D:1      | Reached XP level 1. HP: 18/18 MP: 1/1
   401 | D:1      | Reached XP level 2. HP: 24/24 MP: 2/2
   708 | D:2      | Reached XP level 3. HP: 24/29 MP: 3/3
   773 | D:2      | Noticed Sigmund
   787 | D:2      | Killed Sigmund
   787 | D:2      | Reached skill level 4 in Long Blades
   787 | D:2      | Reached XP level 4. HP: 37/37 MP: 4/4
   787 | D:2      | Reached XP level 5. HP: 42/42 MP: 5/5
   834 | D:2      | Reached XP level 6. HP: 32/48 MP: 6/6
  1007 | D:2      | Reached skill level 5 in Long Blades
  1389 | D:2      | Found a burning altar of Makhleb.
  1580 | D:3      | Reached ** piety under Trog
  1583 | D:3      | Found a glowing drain.
  1635 | Sewer    | Entered a sewer
  2190 | Sewer    | Reached XP level 7. HP: 10/54 MP: 7/7
  2191 | Sewer    | HP: 4/81 [poisoned by a big kobold]
  2192 | Sewer    | HP: 1/81 [poisoned by a big kobold]
  2193 | Sewer    | Succumbed to a big kobold's poison

Vault maps used:
D:1:      evilmike_arrival_fibonacci_small
D:2:      overflow_temple_1_default, uniq_sigmund
D:3:      old_standard_altar, portal_sewer_entry_b, uniq_robin
Sewer:    sewer_minmay_treatment

Skill      XL: |  1  2  3  4  5  6 |
---------------+-------------------+-----
Long Blades    | 4 5 |  5.6
Armour         | 3 |  3.5
Fighting       | 4 |  4.2
Dodging        | 3 |  3.0

Action                   |  1- 3 |  4- 6 |  7- 9 || total
-------------------------+-------+-------+-------++-------
Melee: Falchion          |    71 |   196 |       ||   267
Invok: Berserk           |     1 |     8 |       ||     9
  Use: Scroll            |       |     1 |       ||     1
       Potion            |       |     1 |       ||     1
  Eat: Chunk             |       |    13 |       ||    13
Armor: Scale mail        |    39 |     9 |       ||    48
       Chain mail        |       |   143 |       ||   143
Dodge: Dodged            |    51 |   121 |       ||   172
       Rpst.: Falchion   |    18 |    34 |       ||    52
